PL
BUFFALO WHITE WALKERS @ NEW ORLEANS VOODOO
10/09/2041
 
TOP OF THE 1ST
Buffalo White Walkers batting - Pitching for New Orleans Voodoo : LHP Markus Widner
Pitching: LHP Markus Widner
Batting: LHB Jesús Lazcano 0-0: Called Strike
0-1: Ball
1-1: Ball
2-1: SINGLE (Groundball, 34D, EV 101.2 MPH)
Batting: RHB Tom Smythe 0-0: Called Strike
0-1: Ball
1-1: Ball
2-1: Grounds into double play, 6-4-3 (Groundball, 6, EV 98.1 MPH)
Batting: SHB Max Bortenschlager 0-0: Called Strike
0-1: Foul Ball, location: 2F
0-2: Ball
1-2: DOUBLE (Flyball, 8LXD, EV 113.8 MPH)
Batting: SHB Je-myung Yu 0-0: Ball
1-0: Ball
2-0: Ball
3-0: Called Strike
3-1: Called Strike
3-2: Strikes out swinging
Top of the 1st over - 0 runs, 2 hits, 0 errors, 1 left on base; Buffalo 0 - New Orleans 0
BOTTOM OF THE 1ST
New Orleans Voodoo batting - Pitching for Buffalo White Walkers : RHP John A. Mais
Pitching: RHP John A. Mais
Batting: RHB Jason Slaybaugh 0-0: Swinging Strike
0-1: Foul Ball, location: 2F
0-2: Strikes out swinging
Batting: LHB Jonathan Gunner 0-0: SINGLE (Line Drive, 6D, EV 98.1 MPH)
Batting: LHB Ruud van Ineveld 0-0: Foul Ball, location: 2F
0-1: SINGLE (Groundball, 6MD, EV 96.9 MPH)
Jonathan Gunner to second
Runner from 2nd tries for 3rd, SAFE, no throw by CF
Batting: LHB Danny Trautmann 0-0: Ball
1-0: Ball
2-0: SINGLE (Groundball, 34D, EV 105.0 MPH)
Jonathan Gunner scores
Ruud van Ineveld to second
Runner from 2nd tries for 3rd, SAFE, no throw by RF
Batting: LHB Aurelius Estrada 0-0: Ball
1-0: Ball
2-0: Called Strike
2-1: Called Strike
2-2: SINGLE (Groundball, 6MD, EV 97.5 MPH)
Ruud van Ineveld scores
Danny Trautmann to second
Batting: RHB Colm Goodwill 0-0: Ball
1-0: Ball
2-0: Called Strike
2-1: Fielders Choice at 2nd, 6-4 (Groundball, 6, EV 86.9 MPH)
Danny Trautmann to third
Batting: LHB Derek Corbin 0-0: Fly out, F7 (Flyball, 7, EV 95.6 MPH)
Bottom of the 1st over - 2 runs, 4 hits, 0 errors, 2 left on base; Buffalo 0 - New Orleans 2
TOP OF THE 2ND
Buffalo White Walkers batting - Pitching for New Orleans Voodoo : LHP Markus Widner
Batting: LHB Jorge Herrera 0-0: Ball
1-0: Foul Ball, location: 2F
1-1: Ball
2-1: Ball
3-1: Ground out 4-3 (Groundball, 4, EV 110.0 MPH)
Batting: RHB Eddie Sachs 0-0: Called Strike
0-1: Called Strike
0-2: Foul Ball, location: 2F
0-2: Ball
1-2: Ball
2-2: Foul Ball, location: 2F
2-2: Strikes out swinging
Batting: RHB José Santos 0-0: Ground out 6-3 (Groundball, 6, EV 107.5 MPH)
Top of the 2nd over - 0 runs, 0 hits, 0 errors, 0 left on base; Buffalo 0 - New Orleans 2
BOTTOM OF THE 2ND
New Orleans Voodoo batting - Pitching for Buffalo White Walkers : RHP John A. Mais
Batting: SHB Bren Spillane 0-0: Ball
1-0: Ground out 6-3 (Groundball, 6, EV 83.1 MPH)
Batting: LHB Jorge Castillo 0-0: Foul Ball, location: 2F
0-1: Swinging Strike
0-2: Ball
1-2: Foul Ball, location: 2F
1-2: Foul Ball, location: 2F
1-2: Strikes out swinging
Batting: RHB Jason Slaybaugh 0-0: Called Strike
0-1: Fly out, F9 (Flyball, 89M, EV 83.8 MPH)
Bottom of the 2nd over - 0 runs, 0 hits, 0 errors, 0 left on base; Buffalo 0 - New Orleans 2
TOP OF THE 3RD
Buffalo White Walkers batting - Pitching for New Orleans Voodoo : LHP Markus Widner
Batting: SHB Tom Dickinson 0-0: Foul Ball, location: 2F
0-1: Foul Ball, location: 2F
0-2: Ball
1-2: Foul Ball, location: 2F
1-2: Ground out 4-3 (Groundball, 4M, EV 101.2 MPH)
Batting: RHB Luis Tańón 0-0: Called Strike
0-1: Swinging Strike
0-2: SINGLE (Flyball, 7LS, EV 91.2 MPH)
Batting: LHB Jesús Lazcano 0-0: Ball
1-0: Called Strike
1-1: 2-RUN HOME RUN (Flyball, 9LD, EV 103.8 MPH), Distance : 343 ft
Batting: RHB Tom Smythe 0-0: SINGLE (Flyball, 9LM, EV 98.8 MPH) - OUT at second base trying to stretch hit.
Batting: SHB Max Bortenschlager 0-0: Ball
1-0: Fly out, F4 (Line Drive, 4, EV 63.8 MPH)
Top of the 3rd over - 2 runs, 3 hits, 0 errors, 0 left on base; Buffalo 2 - New Orleans 2
BOTTOM OF THE 3RD
New Orleans Voodoo batting - Pitching for Buffalo White Walkers : RHP John A. Mais
Batting: LHB Jonathan Gunner 0-0: Ball
1-0: Fly out, F7 (Flyball, 7S, EV 85.0 MPH)
Batting: LHB Ruud van Ineveld 0-0: Ball
1-0: Ball
2-0: Ball
3-0: Base on Balls
Batting: LHB Danny Trautmann 0-0: Ball
Ruud van Ineveld steals 2nd base
1-0: SINGLE (Flyball, 9LS, EV 88.1 MPH)
Ruud van Ineveld to third
Batting: LHB Aurelius Estrada 0-0: Ball
1-0: Ball
2-0: SINGLE (Groundball, 56D, EV 101.9 MPH)
Ruud van Ineveld scores
Danny Trautmann to second
Batting: RHB Colm Goodwill 0-0: Ball
1-0: Called Strike
1-1: Fielders Choice at 2nd, 2-4 (Groundball, 15S, EV 67.5 MPH)
Danny Trautmann to third
Batting: LHB Derek Corbin 0-0: Ball
1-0: Ground out 4-3 (Groundball, 4, EV 103.1 MPH)
Bottom of the 3rd over - 1 run, 2 hits, 0 errors, 2 left on base; Buffalo 2 - New Orleans 3
TOP OF THE 4TH
Buffalo White Walkers batting - Pitching for New Orleans Voodoo : LHP Markus Widner
Batting: SHB Je-myung Yu 0-0: Ground out 5-3 (Groundball, 5S, EV 84.4 MPH)
Batting: LHB Jorge Herrera 0-0: Ball
1-0: Ball
2-0: Ball
3-0: Called Strike
3-1: Base on Balls
Batting: RHB Eddie Sachs 0-0: Foul Ball, location: 2F
0-1: Ball
1-1: Called Strike
1-2: Fly out, F8 (Flyball, 78D, EV 97.5 MPH)
Batting: RHB José Santos 0-0: Ball
Jorge Herrera is caught stealing 2nd base 2-4
Top of the 4th over - 0 runs, 0 hits, 0 errors, 0 left on base; Buffalo 2 - New Orleans 3
BOTTOM OF THE 4TH
New Orleans Voodoo batting - Pitching for Buffalo White Walkers : RHP John A. Mais
Batting: SHB Bren Spillane 0-0: Called Strike
0-1: Called Strike
0-2: Ball
1-2: Fly out, F9 (Flyball, 9LS, EV 81.9 MPH)
Batting: LHB Jorge Castillo 0-0: Swinging Strike
0-1: Ball
1-1: Ball
2-1: Foul Ball, location: 2F
2-2: Ball
3-2: Base on Balls
Batting: RHB Jason Slaybaugh 0-0: Ball
1-0: Ball
2-0: Ball
3-0: Base on Balls
Jorge Castillo to second
Batting: LHB Jonathan Gunner 0-0: Ball
1-0: Called Strike
1-1: Ball
2-1: Called Strike
2-2: Strikes out looking
Batting: LHB Ruud van Ineveld 0-0: Called Strike
0-1: Swinging Strike
0-2: Ball
1-2: SINGLE (Line Drive, 8RS, EV 111.9 MPH)
Jorge Castillo to third
Jason Slaybaugh to second
Batting: LHB Danny Trautmann 0-0: Called Strike
0-1: Foul Ball, location: 2F
0-2: Fly out, F7 (Flyball, 78S, EV 90.6 MPH)
Bottom of the 4th over - 0 runs, 1 hit, 0 errors, 3 left on base; Buffalo 2 - New Orleans 3
TOP OF THE 5TH
Buffalo White Walkers batting - Pitching for New Orleans Voodoo : LHP Markus Widner
Batting: RHB José Santos 0-0: SINGLE (Groundball, 6MD, EV 100.6 MPH)
Batting: SHB Tom Dickinson 0-0: Called Strike
0-1: Ball
1-1: Grounds into double play, 3-6-3 (Groundball, 3, EV 111.9 MPH)
Batting: RHB Luis Tańón 0-0: Ball
1-0: Ground out U3 (Groundball, 3, EV 98.1 MPH)
Top of the 5th over - 0 runs, 1 hit, 0 errors, 0 left on base; Buffalo 2 - New Orleans 3
BOTTOM OF THE 5TH
New Orleans Voodoo batting - Pitching for Buffalo White Walkers : RHP John A. Mais
Batting: LHB Aurelius Estrada 0-0: Foul Ball, location: 2F
0-1: Called Strike
0-2: Ball
1-2: Strikes out looking
Batting: RHB Colm Goodwill 0-0: Ball
1-0: Ball
2-0: DOUBLE (Line Drive, 9LS, EV 102.5 MPH)
Batting: LHB Derek Corbin 0-0: Called Strike
0-1: Ground out 1-3 (Groundball, 13S, EV 70.0 MPH)
Colm Goodwill to third
Batting: SHB Bren Spillane 0-0: Ground out 2-3 (Groundball, 2L, EV 68.8 MPH)
Bottom of the 5th over - 0 runs, 1 hit, 0 errors, 1 left on base; Buffalo 2 - New Orleans 3
TOP OF THE 6TH
Buffalo White Walkers batting - Pitching for New Orleans Voodoo : LHP Markus Widner
Batting: LHB Jesús Lazcano 0-0: Ball
1-0: Foul Ball, location: 2F
1-1: Ground out 1-3 (Groundball, 34S, EV 82.5 MPH)
Batting: RHB Tom Smythe 0-0: Called Strike
0-1: Foul Ball, location: 2F
0-2: Fly out, F9 (Flyball, 9, EV 79.4 MPH)
Batting: SHB Max Bortenschlager 0-0: Called Strike
0-1: Foul Ball, location: 2F
0-2: Foul Ball, location: 2F
0-2: Ball
1-2: Strikes out swinging
Top of the 6th over - 0 runs, 0 hits, 0 errors, 0 left on base; Buffalo 2 - New Orleans 3
BOTTOM OF THE 6TH
New Orleans Voodoo batting - Pitching for Buffalo White Walkers : RHP John A. Mais
Batting: LHB Jorge Castillo 0-0: Swinging Strike
0-1: Ball
1-1: SINGLE (Line Drive, 4MD, EV 103.8 MPH)
Batting: RHB Jason Slaybaugh 0-0: Called Strike
0-1: Ball
Jorge Castillo steals 2nd base
1-1: Ball
2-1: Reached on error, E5 (Groundball, 5, EV 80.0 MPH)
Jorge Castillo to third
Batting: LHB Jonathan Gunner 0-0: Ball
1-0: SINGLE (Groundball, 56, EV 95.6 MPH) (infield hit)
Jorge Castillo scores
Jason Slaybaugh to second
Batting: LHB Ruud van Ineveld 0-0: Called Strike
0-1: Foul Ball, location: 2F
0-2: Strikes out swinging
Batting: LHB Danny Trautmann 0-0: Ball
1-0: Ball
2-0: SINGLE (Groundball, 56D, EV 93.8 MPH)
Jason Slaybaugh to third
Jonathan Gunner to second
Runner from 3rd tries for Home, SAFE, throw by LF to home
Pitching: RHP Yeon-kyu Kim
Batting: LHB Aurelius Estrada 0-0: Ball
1-0: Ball
2-0: Fly out, F6 (Popup, 6MD, EV 51.2 MPH)
Batting: RHB Colm Goodwill 0-0: Foul Ball, location: 2F
0-1: DOUBLE (Line Drive, 89M, EV 108.8 MPH)
Jonathan Gunner scores
Danny Trautmann to third
Runner from 3rd tries for Home, SAFE, throw by RF to trailing runner, SAFE at third!
Batting: LHB Derek Corbin 0-0: DOUBLE (Line Drive, 78D, EV 112.5 MPH)
Colm Goodwill scores
Batting: SHB Bren Spillane 0-0: Ball
1-0: Foul Ball, location: 2F
1-1: Swinging Strike
1-2: Strikes out looking
Bottom of the 6th over - 5 runs, 5 hits, 1 error, 1 left on base; Buffalo 2 - New Orleans 8
TOP OF THE 7TH
Buffalo White Walkers batting - Pitching for New Orleans Voodoo : LHP Markus Widner
Batting: SHB Je-myung Yu 0-0: Called Strike
0-1: Ball
1-1: Foul Ball, location: 2F
1-2: Foul Ball, location: 2F
1-2: Fly out, F9 (Flyball, 9D, EV 101.9 MPH)
Batting: LHB Jorge Herrera 0-0: Foul Ball, location: 2F
0-1: Foul Ball, location: 2F
0-2: Ball
1-2: Ball
2-2: Ball
3-2: Fly out, F3 (Line Drive, 3, EV 65.6 MPH)
Batting: RHB Eddie Sachs 0-0: Ground out 1-3 (Groundball, P, EV 83.1 MPH)
Top of the 7th over - 0 runs, 0 hits, 0 errors, 0 left on base; Buffalo 2 - New Orleans 8
BOTTOM OF THE 7TH
New Orleans Voodoo batting - Pitching for Buffalo White Walkers : RHP Yeon-kyu Kim
Batting: LHB Jorge Castillo 0-0: Ball
1-0: Ball
2-0: SINGLE (Line Drive, 56, EV 101.2 MPH)
Batting: RHB Jason Slaybaugh 0-0: Called Strike
0-1: Foul Ball, location: 2F
0-2: Foul Ball, location: 2F
0-2: Ball
1-2: Fielders Choice at 2nd, 4-6 (Groundball, 4, EV 76.9 MPH)
Batting: LHB Jonathan Gunner 0-0: Ground out U3 (Groundball, 34, EV 106.2 MPH)
Jason Slaybaugh to second
Batting: LHB Ruud van Ineveld 0-0: Foul Ball, location: 2F
0-1: Called Strike
0-2: Ball
1-2: SINGLE (Line Drive, 34D, EV 96.9 MPH)
Jason Slaybaugh to third
Runner from 3rd tries for Home, SAFE, throw by RF to home
Batting: LHB Danny Trautmann 0-0: Called Strike
Ruud van Ineveld steals 2nd base
0-1: Ball
1-1: SINGLE (Groundball, 34D, EV 105.0 MPH)
Ruud van Ineveld to third
Runner from 3rd tries for Home, SAFE, throw by RF to home
Pitching: LHP Masamichi Nakagawa
Batting: LHB Aurelius Estrada 0-0: Ball
1-0: Called Strike
1-1: Called Strike
1-2: Ground out 6-3 (Groundball, 6S, EV 73.8 MPH)
Bottom of the 7th over - 2 runs, 3 hits, 0 errors, 1 left on base; Buffalo 2 - New Orleans 10
TOP OF THE 8TH
Buffalo White Walkers batting - Pitching for New Orleans Voodoo : LHP Markus Widner
Batting: RHB José Santos 0-0: Foul Ball, location: 2F
0-1: Swinging Strike
0-2: Ball
1-2: Ball
2-2: Ball
3-2: Ground out 4-3 (Groundball, 4, EV 82.5 MPH)
Batting: SHB Tom Dickinson 0-0: Called Strike
0-1: Ball
1-1: Ball
2-1: Ground out 6-3 (Groundball, 56, EV 92.5 MPH)
Batting: RHB Luis Tańón 0-0: Ground out 6-3 (Groundball, 6, EV 108.1 MPH)
Top of the 8th over - 0 runs, 0 hits, 0 errors, 0 left on base; Buffalo 2 - New Orleans 10
BOTTOM OF THE 8TH
New Orleans Voodoo batting - Pitching for Buffalo White Walkers : LHP Masamichi Nakagawa
Batting: RHB Colm Goodwill 0-0: Called Strike
0-1: Ball
1-1: Swinging Strike
1-2: Foul Ball, location: 2F
1-2: Ball
2-2: Ball
3-2: Foul Ball, location: 2F
3-2: Fly out, F4 (Popup, 4, EV 68.8 MPH)
Batting: LHB Derek Corbin 0-0: Foul Ball, location: 2F
0-1: Foul Ball, location: 2F
0-2: SINGLE (Groundball, 3D, EV 101.2 MPH)
Batting: SHB Bren Spillane 0-0: Ball
1-0: Fielders Choice at 2nd, 6-4 (Groundball, 6S, EV 77.5 MPH)
Batting: LHB Jorge Castillo 0-0: Ball
Bren Spillane is caught stealing 2nd base 2-6
Bottom of the 8th over - 0 runs, 1 hit, 0 errors, 0 left on base; Buffalo 2 - New Orleans 10
TOP OF THE 9TH
Buffalo White Walkers batting - Pitching for New Orleans Voodoo : LHP Markus Widner
Batting: LHB Jesús Lazcano 0-0: Ground out 4-3 (Groundball, 4, EV 92.5 MPH)
Batting: RHB Tom Smythe 0-0: Foul Ball, location: 2F
0-1: Called Strike
0-2: Ground out 4-3 (Groundball, 4M, EV 90.0 MPH)
Batting: SHB Max Bortenschlager 0-0: Ball
1-0: Fly out, F9 (Flyball, 9, EV 92.5 MPH)
Top of the 9th over - 0 runs, 0 hits, 0 errors, 0 left on base; Buffalo 2 - New Orleans 10
Tuesday, January 5th, 2021 - OOTP Baseball 20.8 Build 74